AoeStats
← callummitchell7511

Lombardia

509633566Analyzed
2v2 RM · 4d ago on Sep 27, 2026· 45m 53s· 4 players
Game mode
Random Map
Map size
Medium (4 player)
Population
200
Speed
Normal
Resources
Standard
Victory
Conquest
Starting age
Dark Age
Ending age
Imperial Age
RankedLock teamsTeams togetherTeam positionsShared explorationLock speedFull tech treeHidden civsTurbo modeCheats
Victory
Defeat
🇬🇧 Danes · United Kingdom
1070
+16
🇬🇧 Khitans · United Kingdom
1061
+16
🇬🇧 Japanese · United Kingdom
1075
-16
🇹🇼 Persians · Taiwan
1054
-16
礁溪羅志祥
9:58 Feudal Age
11:19 Double-Bit Axe
12:42 Loom
14:15 Horse Collar
19:19 Castle Age
19:44 Bloodlines
23:12 Scale Barding Armor
26:43 Bow Saw
26:48 Pikeman
29:23 Fletching
32:25 Husbandry
35:25 Wheelbarrow
35:38 Horse Collar
39:19 Imperial Age
38:19 Forging
38:29 Chain Barding Armor
38:19 Forging
39:25 Cavalier
42:58 Iron Casting
42:43 Chain Barding Armor
43:17 Cavalier
43:21 Halberdier
Lampy
11:18 Feudal Age
10:37 Loom
12:02 Man-at-Arms
15:08 Forging
19:10 Castle Age
18:43 Scale Mail Armor
19:31 Double-Bit Axe
21:12 Pikeman
22:12 Chain Mail Armor
22:32 Iron Casting
25:58 Squires
25:44 Horse Collar
26:32 Bow Saw
30:02 Arson
34:26 Heavy Plow
34:50 Gold Mining
37:02 Fletching
38:59 Wheelbarrow
39:24 Ballistics
40:21 Guard Tower
41:46 Yasama
callummitchell7511
10:48 Feudal Age
9:05 Loom
15:19 Castle Age
13:28 Double-Bit Axe
14:14 Domestication
21:28 Forging
21:31 Town Watch
22:39 Bow Saw
24:22 Wheelbarrow
26:31 Iron Casting
26:37 Scale Barding Armor
26:37 Husbandry
26:55 Pastoralism
28:36 Chain Barding Armor
30:13 Gold Mining
37:08 Imperial Age
36:46 Hand Cart
37:08 Stone Mining
38:44 Plate Barding Armor
41:03 Stone Shaft Mining
41:40 Elite Steppe Lancer
43:46 Conscription
45:58 Ordo Cavalry
kyleanderson041199
7:29 Loom
10:06 Feudal Age
10:32 Man-at-Arms
10:59 Arson
11:41 Double-Bit Axe
12:36 Forging
12:27 Scale Mail Armor
17:49 Town Watch
21:35 Castle Age
20:00 Fletching
20:15 Padded Archer Armor
20:46 Horse Collar
22:12 Gambesons
23:50 Squires
23:27 Elite Skirmisher
25:34 Chain Mail Armor
26:19 Leather Archer Armor
26:15 Gold Mining
26:16 Stone Mining
27:34 Iron Casting
27:49 Bow Saw
27:53 Bodkin Arrow
29:12 Thumb Ring
34:19 Gold Shaft Mining
35:28 Wheelbarrow
39:14 Hand Cart
42:16 Imperial Age
39:48 Town Patrol
40:34 Hamask
42:40 Stone Shaft Mining
42:30 Ballistics
42:06 Murder Holes
42:21 Masonry
43:41 Cranequins
45:41 Conscription
45:16 Elite Varangian Guard
Connection lost

Rejoining the realm…

Still unreachable

The connection could not be restored.

Session expired

The server has moved on; the page needs a fresh start.